Description

10 blink stalkers at around 4-5 mins. Best for Terran match ups. Stop probe production at 20. Can make a proxy gate for faster warps ins. The build was generated with proboengine.com. It's very hard to do it perfect so feel free to do it with 22 probes (full saturation).

Build Order

Get SALT Encoding   

  12  0:00  Probe  
  13  0:12  Probe  
  14  0:17  Pylon  
  14  0:24  Probe  
  15  0:35  Gateway  
  15  0:37  Probe  
  16  0:43  Assimilator  
  16  0:49  Probe  
  17  1:21  Cybernetics Core  
  17  1:22  Probe  
  18  1:23  Assimilator  
  18  1:33  Probe  
  19  1:57  Warp Gate (Chrono Boost)  
  19  1:58  Stalker  
  21  2:04  Twilight Council  
  21  2:05  Probe  
  22  2:06  Pylon  
  22  2:21  Gateway  
  22  2:27  Stalker  
  24  2:40  Blink (Chrono Boost)  
  24  2:57  Stalker (Chrono Boost)  
  26  3:07  Stalker  
  28  3:14  Gateway  
  28  3:15  Pylon  
  28  3:27  Stalker  
  30  3:44  Stalker  
  32  3:48  Pylon  
  32  3:53  Stalker  
  34  4:07  Stalker  
  36  4:08  Stalker  
  38  4:09  Stalker  
Spawning Tool Build Advisor. Get it on Overwolf

Go to:

Details

  • Created by: LightWisdom
  • Published on: May 18, 2020
  • Modified on: Jun 20, 2020
  • Patch: 4.11.0
  • Difficulty: Medium
Show
View Real Time Build Order
Export as new Build Order

Comments (5)

On Jan. 13, 2021, 2:53 p.m., awells111  said:

would be nice to know when you put probes on gasses especially since we aren't getting full saturation

On June 27, 2020, 4:28 a.m., TheSpy  said:

Seems wrong
gate - assimilator- core - assimilator - warp gives plenty of unused resourses

On May 20, 2020, 5 p.m., AtticusPrime  said:

LOL IT WORKED, dude, that has a commment just build fast duh.

On May 20, 2020, 3:46 a.m., Zymiusr  said:

Nvm was on training mode, timers there are slowrr

On May 20, 2020, 3:29 a.m., Zymiusr  said:

Explain to me, how can u start warp gate upg at 1:57, when u start cyber core at 1:21 and it takes 50 seconds to warp the core in? :)

Create an account to comment!